 Dungeon Crawl Stone Soup version 0.18.1-48-g4cf74bf (webtiles) character file.

1466 Heedrag the Cleaver (level 8, -1/68 HPs)
             Began as a Minotaur Fighter on Aug 19, 2016.
             Was a Priest of Okawaru.
             Slain by Joat's ghost (3 damage)
             ... on level 6 of the Dungeon.
             The game lasted 00:11:13 (4923 turns).

Heedrag the Cleaver (Minotaur Fighter)              Turns: 4923, Time: 00:11:13

Health: -1/68      AC: 10    Str: 22    XL:     8   Next: 48%
Magic:  10/10      EV: 10    Int:  5    God:    Okawaru [***...]
Gold:   256        SH:  0    Dex: 13    Spells: 0 memorised, 7 levels left

rFire  + . .     SeeInvis .     D - +0 battleaxe
rCold  . . .     Gourm    .     b - +0 scale mail
rNeg   . . .     Faith    .     (shield currently unavailable)
rPois  .         Spirit   .     (helmet restricted)
rElec  .         Dismiss  .     (no cloak)
rCorr  .         Reflect  .     (no gloves)
SustAt .         Harm     .     (no boots)
MR     .....                    (no amulet)
Stlth  ..........               (no ring)
                                (no ring)

@: heavily drained, not resistant to hostile enchantments, extremely unstealthy
A: retaliatory headbutt, horns 2, icy blue scales 1, yellow scales 1, agile 1,
fire resistance 1
a: Heroism, Renounce Religion


You were on level 6 of the Dungeon.
You worshipped Okawaru.
Okawaru was most pleased with you.
You were not hungry.

You visited 1 branch of the dungeon, and saw 6 of its levels.

You collected 256 gold pieces.

Inventory:

Hand Weapons
 a - a +0 war axe
 t - a +2 short sword of draining
 v - a +0 flail
 y - a +3 flail of draining
 D - a +0 battleaxe (weapon)
Armour
 b - a +0 scale mail (worn)
 c - a +0 shield
Scrolls
 g - a scroll of enchant weapon {unknown}
 h - 3 scrolls of teleportation {unknown}
 j - 4 scrolls of identify {unknown}
 l - a scroll of fear {unknown}
 m - a scroll of recharging {unknown}
 p - 5 scrolls of remove curse {unknown}
 q - 2 scrolls of immolation {unknown}
 x - a scroll of fog {unknown}
 C - a scroll of noise {unknown}
Potions
 d - 3 potions of might
 e - 3 potions of curing {unknown}
 n - 2 potions of heal wounds {unknown}
 o - 3 potions of flight {unknown}
 r - a potion of lignification {unknown}
 s - a potion of berserk rage {unknown}
 u - a potion of haste {unknown}
 w - 2 potions of agility {unknown}
Comestibles
 f - 3 bread rations
 i - 3 royal jellies
 k - a beef jerky
 z - 8 fruits
 A - 2 chunks of flesh
 B - a meat ration


   Skills:
 + Level 5.3(4.1) Fighting
 * Level 9.1(7.8) Axes
 + Level 5.0(3.8) Armour
 + Level 3.2(2.1) Dodging
 + Level 4.7(3.5) Shields
 + Level 4.4(3.2) Invocations


You had 7 spell levels left.
You didn't know any spells.

Dungeon Overview and Level Annotations

Branches:
Dungeon (6/15)
 Temple: D:4-7

Altars:
Ashenzari
Dithmenos
Makhleb
Okawaru
Ru
Zin

Annotations:
D:6 Joat's ghost, novice DrTm


Innate Abilities, Weirdness & Mutations

You reflexively headbutt those who attack you in melee.
You have a pair of horns on your head.
You are partially covered in icy blue scales (AC +1).
You are partially covered in yellow scales (AC +2).
You are agile. (Dex +2)
Your flesh is heat resistant.


Message History

Ye closely miss Joat's ghost.
Joat's ghost be lightly damaged.
Joat's ghost closely misses ye.
Ye furiously retaliate!
Ye headbutt Joat's ghost.
Joat's ghost hits ye.
Ye closely miss Joat's ghost.
Joat's ghost be lightly damaged.
Joat's ghost barely misses ye.
Ye miss Joat's ghost.
Joat's ghost be lightly damaged.
Joat's ghost breathas negative energy at ye.
Tha bolt o' negative energy misses ye.
Ye completely miss Joat's ghost.
Joat's ghost be lightly damaged.
Joat's ghost breathas negative energy at ye.
Tha bolt o' negative energy hits ye!
Ye feel drain'd.
* * * LOW HITPOINT WARNIN'
* * * Ye completely miss Joat's ghost.
Yer headbutt misses Joat's ghost.
Joat's ghost be lightly damaged.
Joat's ghost hits ye.
Ye die...

##.
#..###+###.###§
.##..#§≈.≈≈#.##§.
.##..#≈≈§≈≈#§#§§.
#.#..+.._..'.§§§§
#.#..#≈≈.≈≈#§§§§.
#.#..#≈≈.≈≈#§.§§§
##..#.###+###.#.§§
#######..=##..
...##§.
.......@..#
#......## §
......W....#
###.##
.......##### ###
.....## ....# ...#
###


You could see Joat's ghost.

Vanquished Creatures
  Edmund (D:4)
  A sky beast (D:5)
  An ice beast (D:5)
  2 ogres (D:5)
  2 centaurs
  A water moccasin skeleton (D:6)
  A howler monkey (D:4)
  2 hounds (D:4)
  3 orc priests (D:4)
  8 orc wizards
  2 iguanas
  3 worker ants
  7 gnolls (D:4)
  6 adders
  An ooze (D:2)
  An adder skeleton (D:4)
  2 worms
  A dart slug (D:1)
  2 giant geckos
  23 orcs
  A ball python (D:2)
  5 giant cockroaches
  13 goblins
  12 hobgoblins
  10 jackals
  3 quokkas
  A ball python skeleton (D:4)
  7 bats
  3 giant newts
  10 kobolds
  5 rats
140 creatures vanquished.

Notes
Turn   | Place    | Note
--------------------------------------------------------------
     0 | D:1      | Heedrag the Minotaur Fighter began the quest for the Orb.
     0 | D:1      | Reached XP level 1. HP: 19/19 MP: 0/0
   164 | D:1      | Reached skill level 3 in Axes
   341 | D:1      | Reached XP level 2. HP: 24/26 MP: 1/1
   588 | D:1      | Reached skill level 4 in Axes
   887 | D:2      | Reached XP level 3. HP: 31/31 MP: 2/2
   944 | D:2      | Found an iron altar of Okawaru.
   961 | D:2      | Found a shattered altar of Ashenzari.
   973 | D:2      | Became a worshipper of Warmaster Okawaru
  1035 | D:2      | Reached skill level 1 in Invocations
  1401 | D:2      | Found a sacrificial altar of Ru.
  1878 | D:3      | Reached skill level 5 in Axes
  1878 | D:3      | Reached XP level 4. HP: 22/39 MP: 3/3
  2746 | D:3      | Reached XP level 5. HP: 42/45 MP: 5/5
  2899 | D:4      | Found a glowing silver altar of Zin.
  2905 | D:4      | Reached skill level 6 in Axes
  3019 | D:4      | Reached XP level 6. HP: 22/51 MP: 6/6
  3154 | D:4      | Reached skill level 7 in Axes
  3187 | D:4      | Reached * piety under Okawaru
  3608 | D:4      | Reached XP level 7. HP: 34/59 MP: 8/8
  3826 | D:4      | Reached skill level 1 in Dodging
  3877 | D:4      | Noticed Edmund
  3890 | D:4      | Killed Edmund
  3890 | D:4      | Reached ** piety under Okawaru
  3890 | D:4      | Reached skill level 8 in Axes
  4210 | D:5      | Entered Level 5 of the Dungeon
  4409 | D:5      | Gained mutation: Your muscles are strong. (Str +2) [mutagenic meat]
  4410 | D:5      | Gained mutation: You are partially covered in icy blue scales (AC +1). [mutagenic meat]
  4411 | D:5      | Gained mutation: Your flesh is heat resistant. [mutagenic meat]
  4412 | D:5      | Gained mutation: You are partially covered in yellow scales (AC +2). [mutagenic meat]
  4413 | D:5      | Gained mutation: You are agile. (Dex +2) [mutagenic meat]
  4414 | D:5      | Lost mutation: Your muscles are strong. (Str +2) [mutagenic meat]
  4427 | D:5      | Reached XP level 8. HP: 35/67 MP: 8/10
  4595 | D:5      | Reached skill level 5 in Fighting
  4715 | D:5      | Reached *** piety under Okawaru
  4825 | D:6      | Reached skill level 9 in Axes
  4842 | D:6      | Reached skill level 5 in Armour
  4875 | D:6      | Found a shadowy altar of Dithmenos.
  4888 | D:6      | Found a burning altar of Makhleb.
  4909 | D:6      | Noticed Joat's ghost (novice DrTm)
  4922 | D:6      | HP: 2/68 [Joat's ghost/bolt of negative energy (24)]
  4923 | D:6      | Slain by Joat's ghost

Skill      XL: |  1  2  3  4  5  6  7  8 |
---------------+-------------------------+-----
Axes           | 3 4 5 6 7 8 9 |  9.1
Invocations    | 1 2 3 4 |  4.4
Fighting       | 4 5 |  5.3
Dodging        | 2 3 |  3.2
Armour         | 4 5 |  5.0
Shields        | 4 |  4.7

Action                   |  1- 3 |  4- 6 |  7- 9 || total
-------------------------+-------+-------+-------++-------
Melee: War axe           |   108 |   151 |   107 ||   366
       Headbutt          |    15 |    25 |    23 ||    63
       Battleaxe         |       |       |    18 ||    18
  Eat: Chunk             |     3 |     6 |    10 ||    19
Armor: Scale mail        |    34 |    54 |    49 ||   137
Dodge: Dodged            |    38 |    43 |    41 ||   122
Block: Shield            |    46 |    68 |    29 ||   143
